AoeStats
← [CL] Al3jandr0.magn00

Arabia

505001677Analyzed
1v1 RM · 24d ago on Sep 7, 2026· 21m 22s· 2 players
Game mode
Random Map
Map size
Tiny (2 player)
Population
200
Speed
Normal
Resources
Standard
Victory
Conquest
Starting age
Dark Age
Ending age
Imperial Age
RankedLock teamsTeams togetherTeam positionsShared explorationLock speedFull tech treeHidden civsTurbo modeCheats
Victory
Defeat
🇦🇷 Dravidians · Argentina
1932
+10
🇨🇴 Ethiopians · Colombia
1789
-10
Se7n
8:00 Loom
10:37 Feudal Age
17:25 Castle Age
17:26 Fletching
17:34 Crossbowman
19:47 Double-Bit Axe
[CL] Al3jandr0.magn00
6:30 Loom
9:10 Feudal Age
9:38 Double-Bit Axe
9:33 Horse Collar
20:23 Castle Age
19:38 Fletching
19:48 Padded Archer Armor
Connection lost

Rejoining the realm…

Still unreachable

The connection could not be restored.

Session expired

The server has moved on; the page needs a fresh start.